 Dungeon Sprint DCSS version 0.26-a0-690-gcb57259078 (webtiles) character file.

Game seed: 363991714630115603

427 jfcaron the Cleaver (level 6, -2/62 HPs)
             Began as a Hill Orc Fighter on Oct 23, 2020.
             Was an Initiate of Qazlal.
             Succumbed to Sonja's poison
             ... in the Dungeon (Sprint I: "Red Sonja").
             The game lasted 00:02:34 (395 turns).

jfcaron the Cleaver (Hill Orc Fighter)               Turns: 395, Time: 00:02:34

Health: -2/62      AC:  8    Str: 21    XL:     6   Next: 97%
Magic:  6/6        EV:  8    Int:  8    God:    Qazlal [......]
Gold:   297        SH: 11    Dex: 10    Spells: 5/5 levels left

rFire    . . .     SeeInvis .   a - +0 war axe
rCold    . . .     Faith    .   c - +0 kite shield
rNeg     . . .     Spirit   .   b - +0 scale mail
rPois    .         Reflect  .   (no helmet)
rElec    .         Harm     .   (no cloak)
rCorr    .         Rampage  .   (no gloves)
MR       .....     NoTele   +   (no boots)
Stlth    ..........             (no amulet)
HPRegen  0.20/turn              (no ring)
MPRegen  0.10/turn              (no ring)

@: lethally poisoned (-2 -> -50), stab, flying, hasted and slowed
A: no striking features
a: Renounce Religion


You were in the Dungeon.
You worshipped Qazlal.
Qazlal was noncommittal.
You visited 1 branch You collected 297 gold pieces.

Inventory:

Hand Weapons
 a - a +0 war axe (weapon)
Missiles
 i - 22 stones (quivered)
Armour
 b - a +0 scale mail (worn)
 c - a +0 kite shield (worn)
Scrolls
 j - a scroll of blinking
Potions
 d - a potion of flight
 h - 2 potions of magic


   Skills:
 + Level 8.5 Fighting
 * Level 11.9 Axes
 + Level 7.8 Armour
 + Level 7.8 Shields
 + Level 0.0 Invocations


You had 5 spell levels left.
You didn't know any spells.
Your spell library was empty.

Dungeon Overview and Level Annotations

Branches:
Dungeon (1/1)

Altars:
Cheibriados
Dithmenos
Elyvilon
Fedhas
Gozag
Hepliaklqana
Kikubaaqudgha
Nemelex Xobeh
Okawaru
Qazlal
Ru
Sif Muna
Trog
Uskayaw
Vehumet
Wu Jian
Yredelemnul
Zin
The Shining One

Shops:
D (

Annotations:
D Sonja


Message History

There is an open door here.
You see here a curare-tipped dart {!f}.
You reach down and close the door.
* * * LOW HITPOINT WARNING * * *
You feel very sick.
It was a potion of stabbing.
You feel ready to backstab.
* * * LOW HITPOINT WARNING * * *
You feel very sick.
Sonja opens the door.
You feel yourself speed up.
* * * LOW HITPOINT WARNING * * *
You feel very sick. Sonja closely misses you.
Sonja hits you but does no damage.
You are more poisoned.
Sonja hits you but does no damage.
You are more poisoned.
You hit Sonja.
Sonja is severely wounded.
You die...

################
#<.#..)..#..'..#
#..'[.#..').#..+
#..#####'#####'#
#..####..#...#.# ##
#..#__####..##.#§≈§
#..#_____##@#_.+§≈§
#⌠⌠#_.∩...K(.._#§§≈§
####_..__##_.#+# +
#_____###'# #######
#.# $.$ $.$# ##.##
#+#


You could see Sonja.

Vanquished Creatures
  Sigmund (D)
  A yak (D)
  An ogre (D)
  A jelly (D)
  Ijyb (D)
5 creatures vanquished.

Notes
Turn   | Place    | Note
-------+----------+-------------------------------------------
     0 | D        | jfcaron the Hill Orc Fighter began the quest for the Orb.
     0 | D        | Reached XP level 1. HP: 19/19 MP: 1/1
     1 | D        | Noticed Ijyb
    10 | D        | Killed Ijyb
    10 | D        | Reached skill level 5 in Axes
    10 | D        | Reached XP level 2. HP: 28/28 MP: 2/2
    10 | D        | Reached XP level 3. HP: 34/34 MP: 3/3
    14 | D        | Noticed an ogre
    21 | D        | Killed an ogre
    21 | D        | Reached skill level 8 in Axes
    21 | D        | Reached skill level 5 in Armour
    21 | D        | Reached skill level 5 in Shields
    21 | D        | Reached XP level 4. HP: 31/44 MP: 4/4
   185 | D        | Noticed Sigmund
   192 | D        | Killed Sigmund
   192 | D        | Reached skill level 10 in Axes
   192 | D        | Reached XP level 5. HP: 46/52 MP: 5/5
   192 | D        | Reached XP level 6. HP: 53/60 MP: 6/6
   224 | D        | Found an ornate altar of the Wu Jian Council.
   224 | D        | Found a shimmering blue altar of Sif Muna.
   226 | D        | Found a radiant altar of Vehumet.
   246 | D        | Found Peraalol's Antique Weapon Emporium.
   246 | D        | Found an ancient bone altar of Kikubaaqudgha.
   246 | D        | Found a hazy altar of Hepliaklqana.
   246 | D        | Found a hide-covered altar of Uskayaw.
   246 | D        | Found a basalt altar of Yredelemnul.
   246 | D        | Found an opulent altar of Gozag.
   246 | D        | Found a snail-covered altar of Cheibriados.
   246 | D        | Found a sacrificial altar of Ru.
   246 | D        | Found a shadowy altar of Dithmenos.
   246 | D        | Noticed a yak
   252 | D        | Killed a yak
   252 | D        | Reached skill level 11 in Axes
   253 | D        | Found a stormy altar of Qazlal.
   253 | D        | Found a blossoming altar of Fedhas.
   253 | D        | Found a bloodstained altar of Trog.
   253 | D        | Found an iron altar of Okawaru.
   253 | D        | Found a glowing golden altar of the Shining One.
   253 | D        | Found a glowing silver altar of Zin.
   253 | D        | Found a white marble altar of Elyvilon.
   254 | D        | Found a sparkling altar of Nemelex Xobeh.
   276 | D        | Became a worshipper of Qazlal Stormbringer
   369 | D        | Noticed Sonja
   392 | D        | HP: 10/62 [poisoned by Sonja]
   394 | D        | HP: 2/62 [poisoned by Sonja]
   395 | D        | Succumbed to Sonja's poison

Illustrated notes

Levels and vault maps discovered:
D:        dungeon_sprint_1 [red_sonja_temple_1, red_sonja_temple_small_1]

Skill      XL: |  1  2  3  4  5  6 |
---------------+-------------------+-----
Fighting       | 4 6 7 8 |  8.5
Axes           | 5 8 10 11 | 11.9
Armour         | 4 5 6 7 |  7.8
Shields        | 4 5 6 7 |  7.8

Action                   |  1- 3 |  4- 6 || total
-------------------------+-------+-------++-------
Melee: War axe           |    14 |    23 ||    37
  Use: Potion            |     1 |     6 ||     7
Armor: Scale mail        |     4 |    14 ||    18
Dodge: Dodged            |     3 |    10 ||    13
Block: Kite shield       |     6 |    20 ||    26

Table legend: (Time is in decaauts)
 A = Elapsed time spent in this place.
 B = Non-inter-level travel time spent in this place.
 C = Inter-level travel time spent in this place.
 D = Time resting spent in this place.
 E = Time spent auto-exploring this place.
 F = Levels seen in this place.
 G = Mean time per level.
                   A        B        C        D        E       F      G
               +--------+--------+--------+--------+--------+-----+--------+
         Total |    412 |    412 |      0 |    263 |      0 |   1 |  412.0 |
       Dungeon |    412 |    412 |      0 |    263 |      0 |   1 |  412.0 |
               +--------+--------+--------+--------+--------+-----+--------+

Top non-repeatable levels by time:
       D: 412 daAuts
